 Dungeon Crawl Stone Soup version 0.31-a0-234-gad7ace16ef (webtiles) character file.

Game seed: 11832781840074148564

319 MacCMillion the Shooter (level 6, -7/30 HPs)
             Began as a Spriggan Hunter on July 10, 2023.
             Killed by divine providence
             ... invoked by an orc priest
              (13 damage)
             ... on level 5 of the Dungeon.
             The game lasted 00:04:54 (4759 turns).

MacCMillion the Shooter (Spriggan Hunter)           Turns: 4759, Time: 00:04:54

Health: -7/30      AC:  3    Str:  7    XL:     6   Next: 21%
Magic:  7/7        EV: 24    Int: 10    God:
Gold:   143        SH:  0    Dex: 21    Spells: 5/5 levels left

rFire   . . .        a - +0 shortbow
rCold   . . .        (shield currently unavailable)
rNeg    . . .        c - +0 robe
rPois   .            (helmet restricted)
rElec   .            r - +0 cloak
rCorr   .            (gloves unavailable)
SInv    +            (boots unavailable)
Will    +....        (no amulet)
Stlth   +++          n - +5 ring of evasion
HPRegen 0.25/turn    (no ring)
MPRegen 0.10/turn

%: no passive effects
@: very quick
A: very small, no large weapons, unfitting armour, see invisible, speed 3
a: no special abilities


You were on level 5 of the Dungeon.
You visited 1 branch of the dungeon, and saw 5 of its levels.

You collected 143 gold pieces.

Inventory:

Hand Weapons
 a - a +0 shortbow (weapon)
Armour
 c - a +0 robe (worn)
 r - a +0 cloak (worn)
Jewellery
 i - a ring of ice
 n - a +5 ring of evasion (left hand)
Scrolls
 b - 3 scrolls of butterflies
 f - 2 scrolls of enchant armour {unknown}
 h - 2 scrolls of identify {unknown}
 l - a scroll of teleportation {unknown}
 p - a scroll of revelation {unknown}
 s - a scroll of vulnerability {unknown}
Potions
 d - a potion of mutation {unknown}
 e - a potion of cancellation {unknown}
 g - a potion of heal wounds {unknown}
 j - a potion of attraction {unknown}
 k - a potion of might {unknown}
 m - a potion of brilliance {unknown}
 o - 2 potions of lignification {unknown}
 q - a potion of ambrosia {unknown}
 t - 3 potions of curing {unknown}


   Skills:
 - Level 2.0 Fighting
 + Level 6.6 Ranged Weapons
 - Level 4.0 Dodging
 - Level 4.0 Stealth


You had 5 spell levels left.
You didn't know any spells.
Your spell library contained the following spells:

 Spells                   Type           Power      Damage    Failure   Level
 Magic Dart               Conj           0%         1d3       36%         1
 Shock                    Conj/Air       0%         1d3       36%         1
 Blink                    Tloc           0%         N/A       50%         2
 Lesser Beckoning         Tloc           0%         N/A       50%         2
 Momentum Strike          Conj/Tloc      0%         3d8       50%         2
 Searing Ray              Conj           0%         2d4       50%         2
 Frozen Ramparts          Ice            0%         1d1       75%         3
 Swiftness                Air            0%         N/A       75%         3
 Airstrike                Air            0%         2d(0-16)  98%         4
 Fulminant Prism          Conj/Hex       0%         3d5       98%         4
 Ice Form                 Ice/Tmut       0%         N/A       98%         4
 Summon Ice Beast         Ice/Summ       0%         N/A       98%         4


Dungeon Overview and Level Annotations

Branches:
Dungeon (5/15)
 Temple: D:4-7

Altars:
Yredelemnul

Annotations:
D:5 2 runed translucent doors, fly's ghost, weakling DgDe


Innate Abilities, Weirdness & Mutations

You are very small and have problems with some larger weapons.
You are too small for most types of armour.
You have supernaturally acute eyesight. (SInv)
You cover ground extremely quickly. (Speed+++)


Message History

You shoot an arrow. The orc wizard shouts!
The arrow hits the orc wizard.
The orc wizard is lightly wounded.
You shoot an arrow. The arrow hits the orc wizard.
The orc wizard is lightly wounded.
A scorpion comes into view.
You shoot an arrow. The arrow hits the orc wizard.
The orc wizard is moderately wounded.
An orc priest comes into view. It is wielding a +0 short sword.
You shoot an arrow. The orc priest shouts!
The arrow hits the orc wizard.
The orc wizard is heavily wounded.
You shoot an arrow. The arrow hits the orc wizard.
The orc wizard is severely wounded.
The orc priest looks encouraged for a moment.
You shoot an arrow. The arrow barely misses the scorpion.
You shoot an arrow.
The arrow hits the scorpion but does no damage.
You shoot an arrow.
The arrow hits the scorpion but does no damage.
You shoot an arrow. The arrow hits the scorpion.
The scorpion is lightly wounded.
The orc priest mumbles some strange prayers to Beogh against you.
Beogh smites you!
There is a stone staircase leading up here.
You shoot an arrow. The arrow hits the scorpion!
The scorpion is heavily wounded.
You shoot an arrow.
The arrow hits the scorpion but does no damage.
The scorpion is heavily wounded.
The scorpion closely misses you.
The orc priest calls down the wrath of Beogh upon you.
Beogh smites you!
* * * LOW HITPOINT WARNING * * *
The scorpion barely misses you.
The orc priest mumbles some strange prayers to Beogh against you.
Beogh smites you!
You die...

....#...##....#.# #.[.####.#
...............# ###.# #.#
.............o#.#(##.# ##.
.....#.....##.##.##.# #.
....#...##.##..<....## #.
...............#..##.## #.
......#....)......###.#####.
...........s.....## #..#....
..........@.#.##.# ##...###
......##......#### ##.### #
............#.# ##..# #
........#....####...# #
.........#..#...#....# #
........##.##.#....#......
.......##...#............
........#..##........####.
#.##..#....#........#.#


You could see a scorpion and an orc priest.

Vanquished Creatures
  A scorpion (D:3)
  Crazy Yiuf (D:3)
  An orc priest (D:4)
  Natasha (thrice) (D:2)
  4 adders
  2 worms
  A dart slug (D:2)
  6 orcs
  4 bats
  14 endoplasms
  6 goblins
  10 hobgoblins
  3 jackals (D:2)
  2 quokkas
  6 ball pythons
  2 frilled lizards
  6 kobolds
  5 rats
77 creatures vanquished.

Notes
Turn   | Place    | Note
-------+----------+-------------------------------------------
     0 | D:1      | MacCMillion the Spriggan Hunter began the quest for the
                  | Orb.
     0 | D:1      | Reached XP level 1. HP: 10/10 MP: 2/2
   101 | D:1      | Reached XP level 2. HP: 15/15 MP: 3/3
   670 | D:2      | Noticed Natasha
   675 | D:2      | Killed Natasha
   676 | D:2      | Reached XP level 3. HP: 18/18 MP: 4/4
   685 | D:2      | Noticed Natasha
   708 | D:2      | Killed Natasha
   709 | D:2      | Reached XP level 4. HP: 14/23 MP: 5/5
   925 | D:2      | Noticed Natasha
   930 | D:2      | Killed Natasha
  1188 | D:2      | Reached skill level 5 in Ranged Weapons
  1678 | D:3      | Reached XP level 5. HP: 26/26 MP: 6/6
  1720 | D:3      | Found a runed translucent door.
  1721 | D:3      | Noticed Crazy Yiuf
  2386 | D:3      | Killed Crazy Yiuf
  2415 | D:3      | Identified the +5 hammer "Imidepa" {pain, rF- rCorr MP+9
                  | Int+3}
  2966 | D:4      | Found a basalt altar of Yredelemnul.
  3042 | D:4      | Noticed a phantom
  3798 | D:3      | Reached skill level 6 in Ranged Weapons
  3798 | D:3      | Reached XP level 6. HP: 30/30 MP: 7/7
  4511 | D:5      | Entered Level 5 of the Dungeon
  4515 | D:5      | Found a large runed translucent door.
  4515 | D:5      | Found a large runed translucent door.
  4516 | D:5      | Noticed fly's ghost (weakling DgDe)
  4759 | D:5      | Killed from afar by an orc priest

Illustrated notes

Levels and vault maps discovered:
D:1:      roderic_dead_forest, layout_basic
D:2:      layout_loops_corners, uniq_natasha
D:3:      layout_basic, serial_park_tiny_2, uniq_crazy_yiuf_cottage
D:4:      layout_basic, mainiacjoe_overflow_24_doors
D:5:      layout_layer_cave, ebering_ghost_disaster_area, minmay_ogre_servants

Skill      XL: |  1  2  3  4  5 |
---------------+----------------+-----
Stealth        | 2 3 4 |  4.0
Dodging        | 3 4 |  4.0
Fighting       | 2 |  2.0
Ranged Weapons | 5 6 |  6.6

Action                     |  1- 3 |  4- 6 || total
---------------------------+-------+-------++-------
   Fire: Shortbow          |    58 |   214 ||   272
 Armour: Robe              |     1 |     2 ||     3
  Dodge: Dodged            |     4 |    65 ||    69

Table legend: (Time is in decaauts)
 A = Elapsed time spent in this place.
 B = Non-inter-level travel time spent in this place.
 C = Inter-level travel time spent in this place.
 D = Time resting spent in this place.
 E = Time spent auto-exploring this place.
 F = Levels seen in this place.
 G = Mean time per level.
                   A        B        C        D        E       F      G
               +--------+--------+--------+--------+--------+-----+--------+
         Total |   3344 |   3178 |    166 |    665 |   1920 |   5 |  668.8 |
       Dungeon |   3344 |   3178 |    166 |    665 |   1920 |   5 |  668.8 |
               +--------+--------+--------+--------+--------+-----+--------+

Top non-repeatable levels by time:
     D:2: 973 daAuts
     D:3: 915 daAuts
     D:4: 878 daAuts
     D:1: 388 daAuts
     D:5: 188 daAuts
